 Dungeon Crawl Stone Soup version 0.31-a0-466-g98c9adc2b6 (webtiles) character file.

Game seed: 16232112500004639240

4200 tatocazan the Cleaver (level 10, -5/77 HPs)
             Began as a Demonspawn Berserker on Aug 5, 2023.
             Was a Priest of Trog.
             Killed from afar by an electric eel (9 damage)
             ... with a bolt of electricity
             ... in a bailey.
             The game lasted 00:19:52 (12048 turns).

tatocazan the Cleaver (Demonspawn Berserker)       Turns: 12048, Time: 00:19:53

Health: -5/77      AC: 15    Str: 22    XL:     10   Next: 8%
Magic:  10/10      EV:  8    Int:  8    God:    Trog [***...]
Gold:   346        SH: 16    Dex: 19    Spells: 9/9 levels left

rFire   . . .        A - +1 broad axe (pain)
rCold   . . .        g - +0 kite shield
rNeg    . . .        y - +0 plate armour
rPois   .            (helmet restricted)
rElec   .            (no cloak)
rCorr   .            w - +2 pair of gloves
SInv    .            (no boots)
Will    .....        (no amulet) Stlth
                     e - +6 ring of dexterity
HPRegen 0.32/turn    (no ring)
MPRegen 0.12/turn

%: no passive effects
@: no status effects
A: horns 2, large bone plates 2, demonic guardian 1, powered by death 2
a: Renounce Religion, Berserk, Trog's Hand


You were in a bailey.
You worshipped Trog.
Trog was most pleased with you.
You visited 1 branch of the dungeon, and saw 8 of its levels.
You also visited: Bailey.

You collected 346 gold pieces.

Inventory:

Hand Weapons
 a - a +0 hand axe of freezing
 A - a +1 broad axe of pain (weapon)
Missiles
 j - 14 poisoned darts (quivered)
 u - 12 boomerangs
Armour
 g - a +0 kite shield (worn)
 w - a +2 pair of gloves (worn)
 y - a +0 plate armour (worn)
 B - +1 steam dragon scales
Jewellery
 e - a +6 ring of dexterity (left hand)
 f - a ring of ice
 x - a +6 ring of intelligence
Wands
 b - a wand of iceblast (14)
 k - a wand of digging (13)
 o - a wand of polymorph (21)
 q - a wand of mindburst (2)
 s - a wand of paralysis (6)
 v - a wand of flame (48)
Scrolls
 c - 3 scrolls of poison
 i - 4 scrolls of identify
 l - a scroll of teleportation
 m - 2 scrolls of silence
 C - a scroll of enchant weapon {unknown}
Potions
 d - a potion of enlightenment {unknown}
 h - 2 potions of mutation
 n - 2 potions of heal wounds {unknown}
 p - 3 potions of curing {unknown}
 r - 2 potions of might {unknown}
 t - a potion of brilliance {unknown}
 z - a potion of attraction {unknown}


   Skills:
 + Level 6.8 Fighting
 * Level 8.3 Axes
 + Level 5.8 Armour
 + Level 5.6 Dodging
 + Level 5.1 Shields


You had 9 spell levels left.
You didn't know any spells.
Your spell library was empty.

Dungeon Overview and Level Annotations

Branches:
Dungeon (8/15)             Temple (0/1) D:6          Bailey (1/1)
   Lair: D:8-11

Altars:
Gozag
Hepliaklqana
Kikubaaqudgha
Nemelex Xobeh
Qazlal
Uskayaw
Vehumet
Wu Jian

Shops:
D:2 *   D:5 (

Annotations:
D:4 3 runed translucent doors, hgbash's ghost, novice DsVM


Innate Abilities, Weirdness & Mutations

You have a pair of horns on your head.
You are mostly covered in large bone plates. (SH +6)
A weak demonic guardian rushes to your aid.
You regenerate health from kills.


Message History

The bolt of electricity misses you. The bolt of electricity hits you!
A demonic guardian appears!
The electric eel shoots out a bolt of lightning at you!
The bolt of electricity misses you.
The bolt of electricity misses your quasit.
There is an open door here.
You take 10 damage, and have 67/77 hp.
You swap places.
The electric eel shoots out a bolt of lightning at you!
The bolt of electricity misses your quasit.
The bolt of electricity hits you!
There is an open door here.
You take 8 damage, and have 59/77 hp.
Your quasit misses the electric eel.
Your quasit closely misses the electric eel.
Your quasit barely misses the electric eel.
The electric eel shoots out a bolt of lightning at you!
The bolt of electricity hits you!
The electric eel shoots out a bolt of lightning at you!
The bolt of electricity hits you!
You take 26 damage, and have 33/77 hp.
MASSIVE DAMAGE!!
Your quasit bites the electric eel.
Your quasit closely misses the electric eel.
Your quasit barely misses the electric eel.
The electric eel shoots out a bolt of lightning at you!
The bolt of electricity misses you. The bolt of electricity hits you!
The electric eel shoots out a bolt of lightning at you!
The bolt of electricity hits your quasit!
Your quasit dies!
Your quasit disappears in a puff of smoke!
The bolt of electricity hits you!
* * * LOW HITPOINT WARNING * * *
There is an open door here.
You take 22 damage, and have 11/77 hp.
MASSIVE DAMAGE!!
The electric eel shoots out a bolt of lightning at you!
The bolt of electricity hits you!
* * * LOW HITPOINT WARNING * * *
The electric eel shoots out a bolt of lightning at you!
The bolt of electricity hits you!
You die...

≈≈≈≈≈≈~.#..#
≈≈≈≈≈≈~.##)#
≈≈≈≈≈≈~.#..#
≈≈≈≈≈≈~.#..#
≈≈≈≈≈≈S.#..#
≈≈≈≈S≈§.#..#
≈≈≈≈≈§~§#..#
≈≈≈≈≈≈#'#'##+###
≈≈≈≈≈ #.@..#?:.#
≈≈≈≈ #..).#??.#
≈≈≈
###.)######.###
≈≈ +........∩...
≈ ####~~~~~~~~~
≈≈≈≈≈≈≈≈≈≈≈≈≈≈≈≈
≈≈≈≈≈≈≈≈≈≈≈≈≈≈≈≈
≈≈≈≈≈≈≈≈≈≈≈≈≈≈≈≈
≈≈≈≈≈≈≈≈≈≈≈≈≈≈≈≈


You could see 2 electric eels.

Vanquished Creatures
  An ugly thing (D:7)
  Joseph (D:7)
  A troll (D:7)
  Sigmund (D:3)
  A wyvern (D:8)
  A water moccasin (D:6)
  Duvessa (D:7)
  2 black bears (D:6)
  3 orc warriors (Bailey)
  2 centaurs (D:7)
  2 ogres
  A bullfrog (D:7)
  2 kobold brigands (D:7)
  Dowan (D:7)
  6 killer bees (D:8)
  2 electric eels (Bailey)
  6 hounds
  4 jellies
  4 orc priests
  3 sleepcaps
  A gnoll bouda (D:6)
  2 iguanas
  3 orc wizards
  Robin (D:2)
  7 gnolls
  8 adders
  A shadow imp (D:5)
  A white imp (D:6)
  2 worms
  5 dart slugs
  28 orcs
  9 endoplasms
  3 giant cockroaches
  23 goblins
  13 hobgoblins
  5 jackals
  5 quokkas
  7 ball pythons
  4 bats
  3 frilled lizards
  9 kobolds
  11 rats
196 creatures vanquished.

Vanquished Creatures (collateral kills)
  Maggie (D:7)
  A black bear (D:7)
2 creatures vanquished.

Vanquished Creatures (others)
  An orc (D:8)
  A hobgoblin (D:8)
2 creatures vanquished.

Grand Total: 200 creatures vanquished

Notes
Turn   | Place    | Note
-------+----------+-------------------------------------------
     0 | D:1      | tatocazan the Demonspawn Berserker began the quest for the
                  | Orb.
     0 | D:1      | Reached XP level 1. HP: 18/18 MP: 1/1
   266 | D:1      | Gained mutation: You have a pair of small horns on your
                  | head. [demonic ancestry]
   266 | D:1      | Reached XP level 2. HP: 10/24 MP: 2/2
   654 | D:1      | Reached skill level 3 in Axes
   767 | D:1      | Gained mutation: You are partially covered in large bone
                  | plates. (SH +4) [demonic ancestry]
   767 | D:1      | Reached XP level 3. HP: 22/29 MP: 3/3
  1033 | D:1      | Reached ** piety under Trog
  1966 | D:2      | Noticed Robin
  1994 | D:2      | Killed Robin
  2250 | D:2      | Found a radiant altar of Vehumet.
  2263 | D:2      | Reached XP level 4. HP: 35/35 MP: 4/4
  2468 | D:2      | Found Vecwiti's General Store.
  2803 | D:3      | Reached skill level 1 in Shields
  3083 | D:3      | Noticed Sigmund
  3462 | D:2      | Gained mutation: You regenerate a little health from kills.
                  | [demonic ancestry]
  3462 | D:2      | Reached XP level 5. HP: 19/42 MP: 5/5
  4497 | D:2      | Reached skill level 4 in Axes
  4645 | D:3      | Killed Sigmund
  4646 | D:3      | Reached XP level 6. HP: 21/48 MP: 6/6
  5054 | D:4      | You fall into a shaft and drop 3 floors!
  5135 | D:6      | Gained mutation: You are mostly covered in large bone
                  | plates. (SH +6) [demonic ancestry]
  5135 | D:6      | Reached XP level 7. HP: 34/55 MP: 7/7
  5467 | D:6      | Identified the +0 robe "Manaem" {Rampage rC+}
  5609 | D:6      | Reached skill level 5 in Axes
  5697 | D:6      | Found a staircase to the Ecumenical Temple.
  6077 | D:6      | HP: 1/55 [orc/+2 flail of protection (5)]
  6099 | D:6      | Reached *** piety under Trog
  7144 | D:5      | Entered Level 5 of the Dungeon
  7153 | D:5      | Gained mutation: You have a pair of horns on your head.
                  | [demonic ancestry]
  7153 | D:5      | Reached XP level 8. HP: 61/61 MP: 8/8
  7364 | D:5      | Reached skill level 5 in Fighting
  7423 | D:5      | Found an ornate altar of the Wu Jian Council.
  7563 | D:5      | Found a radiant altar of Vehumet.
  7574 | D:5      | Found a stormy altar of Qazlal.
  8215 | D:5      | Found Jyocw's Antique Weapon Emporium.
  8359 | D:5      | Found a sparkling altar of Nemelex Xobeh.
  8362 | D:5      | Found a hazy altar of Hepliaklqana.
  8362 | D:5      | Found a hide-covered altar of Uskayaw.
  8365 | D:5      | Found an ancient bone altar of Kikubaaqudgha.
  8590 | D:4      | Reached skill level 6 in Axes
  8623 | D:4      | Found a runed translucent gate.
  8623 | D:4      | Found a runed translucent gate.
  8758 | D:4      | Found an opulent altar of Gozag.
  8933 | D:4      | Found a runed translucent gate.
  8937 | D:4      | Noticed hgbash's ghost (novice DsVM)
  9194 | D:7      | Noticed Joseph
  9201 | D:7      | Noticed a troll
  9205 | D:7      | Killed Joseph
  9213 | D:6      | Reached **** piety under Trog
  9529 | D:7      | Noticed a red ugly thing
  9546 | D:7      | Killed a red ugly thing
  9547 | D:7      | Gained mutation: A weak demonic guardian rushes to your
                  | aid. [demonic ancestry]
  9547 | D:7      | Reached XP level 9. HP: 69/69 MP: 9/9
  9673 | D:7      | Reached skill level 7 in Axes
  9810 | D:7      | Reached skill level 5 in Armour
  9877 | D:7      | Noticed Maggie
 10259 | D:7      | Killed Maggie
 10260 | D:7      | Reached skill level 5 in Dodging
 10275 | D:7      | Killed a troll
 10374 | D:7      | Noticed Duvessa
 10374 | D:7      | Noticed Dowan
 10385 | D:7      | Killed Duvessa
 10387 | D:7      | Killed Dowan
 10700 | D:8      | Reached skill level 8 in Axes
 10710 | D:8      | Reached skill level 5 in Shields
 10891 | D:8      | Found a flagged portal.
 10902 | Bailey   | Entered a bailey
 11223 | Bailey   | Gained mutation: You regenerate health from kills. [demonic
                  | ancestry]
 11223 | Bailey   | Reached XP level 10. HP: 31/77 MP: 10/10
 12048 | Bailey   | Killed from afar by an electric eel

Illustrated notes

Levels and vault maps discovered:
D:1:      dpeg_arrival_orchard, layout_loops_corners, minmay_nonomino_d4
D:2:      layout_basic, basic_altar, serial_shops, shop, uniq_robin
D:3:      layout_rooms, minmay_misc_feat_hallway, kennysheep_generic_room_12,
          uniq_sigmund
D:4:      layout_rooms, general_overflow_altar, gammafunk_ghost_necromancy,
          gup_sewer_entry_spiral
D:5:      layout_basic, grunt_temple_overflow_open,
          minmay_overflow_temple_star_quad, nzn_wu_jian_contemplation,
          serial_shops, nicolae_diamond_shop
D:6:      layout_loops_corners, minmay_temple_entry_wispy
D:7:      layout_loops_ring, hex_medium, grunt_ministairs_15,
          chequers_serial_rivers_small_3, minivault_26,
          grunt_decor_mini_mirrors, kennysheep_potato, uniq_maggie, uniq_joseph,
          uniq_duvessa
D:8:      layout_cave_pools, mainiacjoe_overflow_paths, hellmonk_lair_entry_icy,
          enter_bailey_4, dreamdust_gnoll_shepherd
Bailey:   bailey_axe_of_yendor_kennysheep, bailey

Skill      XL: |  1  2  3  4  5  6  7  8  9 |
---------------+----------------------------+-----
Armour         | 2 3 4 5 |  5.8
Dodging        | 2 3 4 5 |  5.6
Axes           | 3 4 5 6 8 |  8.3
Shields        | 1 2 3 4 5 |  5.1
Fighting       | 4 5 6 |  6.8

Action                     |  1- 3 |  4- 6 |  7- 9 | 10-12 || total
---------------------------+-------+-------+-------+-------++-------
  Melee: Hand axe          |   148 |   134 |   323 |       ||   605
         Headbutt          |    11 |    23 |    69 |     8 ||   111
         Punch             |     1 |     1 |       |       ||     2
         Broad axe         |       |       |    31 |    43 ||    74
  Throw: Boomerang         |       |     4 |       |       ||     4
         Dart              |       |     8 |     7 |       ||    15
 Invoke: Berserk           |     1 |     1 |     7 |       ||     9
         Trog's Hand       |       |     1 |     2 |       ||     3
         Brothers in Arms  |       |       |     1 |       ||     1
  Evoke: Wand              |       |       |    17 |       ||    17
    Use: Scroll            |       |    10 |     4 |       ||    14
         Potion            |       |       |     2 |       ||     2
   Stab: Sleeping          |     1 |       |       |       ||     1
 Armour: Animal skin       |    16 |       |       |       ||    16
         Ring mail         |    14 |     2 |       |       ||    16
         Chain mail        |       |    21 |       |       ||    21
         Plate armour      |       |    51 |   194 |    10 ||   255
  Dodge: Dodged            |    86 |    29 |    83 |    10 ||   208
  Block: Other             |    12 |    31 |       |       ||    43
         Kite shield       |       |       |   319 |    21 ||   340

Table legend: (Time is in decaauts)
 A = Elapsed time spent in this place.
 B = Non-inter-level travel time spent in this place.
 C = Inter-level travel time spent in this place.
 D = Time resting spent in this place.
 E = Time spent auto-exploring this place.
 F = Levels seen in this place.
 G = Mean time per level.
                   A        B        C        D        E       F      G
               +--------+--------+--------+--------+--------+-----+--------+
         Total |  12283 |  12035 |    248 |   5763 |   4560 |   9 | 1364.8 |
       Dungeon |  11119 |  10871 |    248 |   4755 |   4526 |   8 | 1389.9 |
        Bailey |   1163 |   1163 |      0 |   1007 |     34 |   1 | 1163.0 |
               +--------+--------+--------+--------+--------+-----+--------+

Top non-repeatable levels by time:
     D:6: 2618 daAuts
     D:1: 1978 daAuts
     D:2: 1640 daAuts
     D:3: 1487 daAuts
     D:5: 1466 daAuts
  Bailey: 1163 daAuts
     D:7: 1010 daAuts
     D:4: 649 daAuts
     D:8: 267 daAuts
